 Dungeon Crawl Stone Soup version 0.30-a0-1164-ge08a67761e (webtiles) character file.

Game seed: 12285019870549751331

11 NateTC the Digger (level 2, 0/15 HPs)
             Began as a Deep Elf Earth Elementalist on Apr 29, 2023.
             Slain by a jackal (1 damage)
             ... on level 1 of the Dungeon.
             The game lasted 00:01:15 (229 turns).

NateTC the Digger (Deep Elf Earth Elementalist)      Turns: 229, Time: 00:01:15

Health: 0/15       AC:  2    Str:  5    XL:     2   Next: 17%
Magic:  3/8        EV: 12    Int: 19    God:
Gold:   31         SH:  0    Dex: 15    Spells: 6/7 levels left

rFire   . . .        (no weapon)
rCold   . . .        (no shield)
rNeg    . . .        a - +0 robe
rPois   .            (no helmet)
rElec   .            (no cloak)
rCorr   .            (no gloves)
SInv    .            (no boots)
Will    .....        (no amulet)
Stlth   ++           (no ring)
HPRegen 0.22/turn    (no ring)
MPRegen 0.11/turn

%: no passive effects
@: no status effects
A: no striking features
a: no special abilities


You were on level 1 of the Dungeon.
You visited 1 branch of the dungeon, and saw 1 of its levels.

You collected 31 gold pieces.

Inventory:

Armour
 a - a +0 robe (worn)
Scrolls
 c - a scroll of butterflies {unknown}
 d - a scroll of teleportation {unknown}
Potions
 b - a potion of magic


   Skills:
 - Level 2.4 Dodging
 - Level 2.4 Stealth
 + Level 3.2 Spellcasting
 * Level 1.1 Conjurations
 - Level 1.1 Transmutations
 * Level 3.6 Earth Magic


You had 6 spell levels left.
You knew the following spells:

 Your Spells              Type           Power      Damage    Failure   Level
a - Sandblast             Erth           32%        2d9       3%          1

Your spell library contained the following spells:

 Spells                   Type           Power      Damage    Failure   Level
 Passwall                 Tmut/Erth      10%        N/A       9%          2
 Stone Arrow              Conj/Erth      24%        3d8       17%         3
 Petrify                  Tmut/Erth      12%        N/A       50%         4


Dungeon Overview and Level Annotations

Branches:
Dungeon (1/15) Zot: 5763

Altars:


Message History

A kobold comes into view. It is wielding a +0 whip.
The kobold shouts!
The blast of sand misses the kobold.
The endoplasm quivers.
The blast of sand hits the kobold!
You kill the kobold!
The endoplasm jiggles.
The blast of sand hits the endoplasm!
You kill the endoplasm!
You can't see any susceptible monsters within range! (Use Z to cast anyway.) 2 jackals come into view.
An endoplasm comes into view.
The jackal moves out of view. x2
The endoplasm quivers.
The jackal barks!
You hear a shout!
The jackal misses you.
The blast of sand hits the jackal but does no damage.
The jackal misses you. The endoplasm closely misses you.
The blast of sand misses the jackal.
The jackal bites you. The jackal misses you. The endoplasm freezes you.
You are frozen.
The blast of sand hits the jackal.
The jackal is severely wounded.
The jackal barely misses you. The jackal closely misses you.
The endoplasm freezes you.
You are frozen.
The jackal bites you. The jackal misses you.
A hobgoblin comes into view.
The endoplasm freezes you.
You are frozen.
* * * LOW HITPOINT WARNING * * *
You are too injured to fight recklessly!
The endoplasm attacks as you move away! The endoplasm hits you.
* * * LOW HITPOINT WARNING * * *
The jackal attacks as you move away! The jackal barely misses you. x2
The jackal bites you.
* * * LOW HITPOINT WARNING * * *
The jackal closely misses you.
You are too injured to fight recklessly!
The jackal attacks as you move away! The jackal bites you.
You die...

########
#..#
#......#
#..#
#.####.##
#..# #.#
#...####..#
#.#
#.........#
#.#
#.†.####.##
#.#######
#..# #...#
##.# #######
###.#
##@##.......
#.# #.hhJ.#
#>#
......).#.#
#.#
#####.......
#.#
##.......g
#.#
###.#...#..
#.# .#.### .
#.# .#.#
#.#.# .#.#


You could see an endoplasm, 2 jackals and a hobgoblin.

Vanquished Creatures
  A dart slug (D:1)
  2 endoplasms (D:1)
  A hobgoblin (D:1)
  A ball python (D:1)
  A bat (D:1)
  A goblin (D:1)
  A kobold (D:1)
  3 rats (D:1)
11 creatures vanquished.

Notes
Turn   | Place    | Note
-------+----------+-------------------------------------------
     0 | D:1      | NateTC the Deep Elf Earth Elementalist began the quest for
                  | the Orb.
     0 | D:1      | Reached XP level 1. HP: 10/10 MP: 6/6
   163 | D:1      | Reached skill level 1 in Conjurations
   168 | D:1      | Reached XP level 2. HP: 15/15 MP: 5/8
   229 | D:1      | Slain by a jackal

Illustrated notes

Levels and vault maps discovered:
D:1:      saegor_arrival_simple_d, layout_loops_ring, minmay_tall_x

Skill      XL: |  1 |
---------------+----+-----
Conjurations   | 1 |  1.1
Dodging        | |  2.4
Stealth        | |  2.4
Spellcasting   | |  3.2
Transmutations | |  1.1
Earth Magic    | |  3.6

Action                     || total
---------------------------++-------
   Cast: Sandblast         ||    16
  Dodge: Dodged            ||    11

Table legend: (Time is in decaauts)
 A = Elapsed time spent in this place.
 B = Non-inter-level travel time spent in this place.
 C = Inter-level travel time spent in this place.
 D = Time resting spent in this place.
 E = Time spent auto-exploring this place.
 F = Levels seen in this place.
 G = Mean time per level.
                   A        B        C        D        E       F      G
               +--------+--------+--------+--------+--------+-----+--------+
         Total |    237 |    237 |      0 |     64 |      0 |   1 |  237.0 |
       Dungeon |    237 |    237 |      0 |     64 |      0 |   1 |  237.0 |
               +--------+--------+--------+--------+--------+-----+--------+

Top non-repeatable levels by time:
     D:1: 237 daAuts
